 Dungeon Crawl Stone Soup version 0.28.0-43-g3370ac3207 (webtiles) character file.

Game seed: 2301988930678953300

6 pkoi the Chiller (level 1, 0/10 HPs)
             Began as a Deep Elf Ice Elementalist on Mar 8, 2022.
             Frozen to death by an endoplasm (5 damage)
             ... on level 1 of the Dungeon.
             The game lasted 00:00:18 (51 turns).

pkoi the Chiller (Deep Elf Ice Elementalist)          Turns: 51, Time: 00:00:19

Health: 0/10       AC:  2    Str:  5    XL:     1   Next: 75%
Magic:  0/6        EV: 12    Int: 19    God:
Gold:   18         SH:  0    Dex: 15    Spells: 5/6 levels left

rFire   . . .      SeeInvis .   b - +0 club
rCold   . . .      Faith    .   (no shield)
rNeg    . . .      Spirit   .   a - +0 robe
rPois   .          Reflect  .   (no helmet)
rElec   .          Harm     .   (no cloak)
rCorr   .          Rampage  .   (no gloves)
Will    .....                   (no boots)
Stlth   ++........              (no amulet)
HPRegen 0.03/turn               (no ring)
MPRegen 0.10/turn               (no ring)

@: no status effects
A: no striking features
a: no special abilities


You were on level 1 of the Dungeon.
You visited 1 branch of the dungeon, and saw 1 of its levels.

You collected 18 gold pieces.

Inventory:

Hand Weapons
 b - a +0 club (weapon)
Armour
 a - a +0 robe (worn)


   Skills:
 - Level 2.4 Dodging
 - Level 2.4 Stealth
 - Level 3.0 Spellcasting
 + Level 4.8 Ice Magic


You had 5 spell levels left.
You knew the following spells:

 Your Spells              Type           Power      Damage    Failure   Level
a - Freeze                Ice            84%        1d10      2%          1

Your spell library contained the following spells:

 Spells                   Type           Power      Damage    Failure   Level
 Frozen Ramparts          Ice            42%        1d6       6%          3
 Ozocubu's Armour         Ice            21%        N/A       6%          3
 Hailstorm                Conj/Ice       11%        3d5       50%         4


Dungeon Overview and Level Annotations

Branches:
Dungeon (1/15)

Altars:


Message History

Press: ? - help, Q - select action Shift-Dir - straight line, f/p - dart slug
Aim: a dart slug (severely wounded)
You freeze the dart slug.
The dart slug is almost dead.
The bat misses you. The bat hits you.
* * * LOW HITPOINT WARNING * * *
The dart slug closely misses you. The bat misses you.
You hit the dart slug.
You kill the dart slug!
The bat hits you but does no damage. The bat barely misses you.
You closely miss the bat. The bat misses you. The bat hits you.
* * * LOW HITPOINT WARNING * * *
An endoplasm comes into view.
You closely miss the bat. The bat misses you.
The bat hits you but does no damage.
You barely miss the bat.
The endoplasm quivers.
The bat completely misses you. The bat hits you.
* * * LOW HITPOINT WARNING * * *
You closely miss the bat. The bat misses you.
You hit the bat but do no damage. The bat barely misses you. x2
You hit the bat.
The bat is severely wounded.
The bat hits you but does no damage. The bat closely misses you.
You closely miss the bat.
The bat is severely wounded.
The bat hits you but does no damage. The bat misses you.
The endoplasm hits you.
* * * LOW HITPOINT WARNING * * *
Aiming: Freeze (safe; 2% risk of failure)
Press: ? - help, Q - select action Shift-Dir - straight line, f - endoplasm
Aim: an endoplasm You freeze the endoplasm.
The endoplasm is lightly wounded.
The bat closely misses you. The bat hits you but does no damage.
A hobgoblin comes into view.
The endoplasm freezes you.
You are frozen.
Ouch! That really hurt!
You die...

#### ..#######
######.#.....####
####...............###.
.......J@....[...P.....
g##.##.b.♣♣...P♣.....♣P
#..†...P.........♣..
#..#♣....♣..P♣...P♣..
#.[ ##PP............
.... #######...P#####
.##.# #....#.♣P# # #.
##''##P.# #.
#+##...P##'#


You could see an endoplasm, a hobgoblin (wandering) and a bat.

Vanquished Creatures
  A dart slug (D:1)
  An endoplasm (D:1)
  2 goblins (D:1)
4 creatures vanquished.

Notes
Turn   | Place    | Note
-------+----------+-------------------------------------------
     0 | D:1      | pkoi the Deep Elf Ice Elementalist began the quest for the
                  | Orb.
     0 | D:1      | Reached XP level 1. HP: 10/10 MP: 6/6
    51 | D:1      | Frozen to death by an endoplasm

Illustrated notes

Levels and vault maps discovered:
D:1:      denvon_arrival_planthouse, layout_loops_ring,
          minmay_tree_intersection, minmay_pentomino_w4

Action                   || total
-------------------------++-------
Melee: Club              ||     8
 Cast: Freeze            ||     8
  Use: Scroll            ||     1
Armor: Robe              ||     5
Dodge: Dodged            ||    15
